 Dungeon Crawl Stone Soup version 0.22-a0-398-g8bb545f (webtiles) character file.

107 b5mith the Cudgeler (level 4, 0/42 HPs)
             Began as a Minotaur Berserker on May 5, 2018.
             Was a Believer of Trog.
             Slain by a water moccasin (7 damage)
             ... on level 2 of the Dungeon.
             The game lasted 00:02:40 (1120 turns).

b5mith the Cudgeler (Minotaur Berserker)            Turns: 1120, Time: 00:02:40

Health: 0/42       AC:  8    Str: 22    XL:     4   Next: 57%
Magic:  3/3        EV: 11    Int:  4    God:    Trog [**....]
Gold:   75         SH:  0    Dex: 10    Spells: 3/3 levels left

rFire    . . .     SeeInvis .   i - +1 dagger (venom)
rCold    . . .     Gourm    .   (no shield)
rNeg     . . .     Faith    .   p - +0 ring mail
rPois    .         Spirit   .   (helmet restricted)
rElec    .         Reflect  .   (no cloak)
rCorr    .         Harm     .   d - +2 pair of gloves
MR       .....                  (no boots)
Stlth    ..........             (no amulet)
HPRegen  0.14/turn              (no ring)
MPRegen  0.08/turn              (no ring)

@: lethally poisoned (0 -> -21)
A: retaliatory headbutt, horns 2
a: Berserk, Trog's Hand, Renounce Religion


You were on level 2 of the Dungeon.
You worshipped Trog.
Trog was pleased with you.
You were not hungry.

You visited 1 branch of the dungeon, and saw 2 of its levels.

You collected 75 gold pieces.

Inventory:

Hand Weapons
 a - a +0 mace
 i - a +1 dagger of venom (weapon)
   (You found it on level 1 of the Dungeon)
Missiles
 e - 7 tomahawks (quivered)
Armour
 b - a +0 animal skin
 d - a +2 pair of gloves (worn)
   (You found it on level 1 of the Dungeon)
 p - a +0 ring mail (worn)
   (You found it on level 1 of the Dungeon)
Scrolls
 g - 2 scrolls of identify {unknown}
 j - a scroll of magic mapping {unknown}
 k - a scroll of fog {unknown}
 l - 2 scrolls of teleportation {unknown}
 m - a scroll of enchant armour {unknown}
 o - a scroll of fear {unknown}
 q - a scroll of remove curse {unknown}
Potions
 f - a potion of ambrosia {unknown}
 n - a potion of curing {unknown}
 r - a potion of agility {unknown}
Comestibles
 c - a ration
 h - 3 chunks of flesh


   Skills:
 + Level 5.2 Fighting
 + Level 5.2 Maces & Flails
 - Level 2.4 Armour
 - Level 2.1 Dodging


You had 3 spell levels left.
You didn't know any spells.

Dungeon Overview and Level Annotations

Branches:
Dungeon (2/15)

Altars:


Innate Abilities, Weirdness & Mutations

You reflexively headbutt those who attack you in melee.
You have a pair of horns on your head.


Message History

Your headbutt misses the water moccasin.
The water moccasin is lightly wounded.
You feel sick. The water moccasin closely misses you. You furiously retaliate!
You headbutt the water moccasin. The adder completely misses you.
The water moccasin barely misses you.
You closely miss the water moccasin.
The water moccasin is lightly wounded.
You feel sick. The adder misses you. You furiously retaliate!
You headbutt the adder! The water moccasin closely misses you.
You closely miss the adder.
The adder is almost dead.
You feel sick. The adder closely misses you.
The water moccasin closely misses you. You furiously retaliate!
You headbutt the water moccasin! The adder bites you but does no damage.
The water moccasin bites you.
* * * LOW HITPOINT WARNING * * *
You are lethally poisoned!
The water moccasin poisons you!
You are too injured to fight recklessly!
You are too injured to fight recklessly!
You are too injured to fight recklessly!
You are too injured to fight recklessly!
* * * LOW HITPOINT WARNING * * *
You feel sick.
* * * LOW HITPOINT WARNING * * *
You feel very sick.
* * * LOW HITPOINT WARNING * * *
You feel sick. The water moccasin misses you. You furiously retaliate!
You headbutt the water moccasin. You closely miss the adder.
Your headbutt misses the adder.
The adder is almost dead.
* * * LOW HITPOINT WARNING * * *
You feel sick. The adder closely misses you.
The water moccasin bites you but does no damage.
The adder closely misses you.
You hit the adder but do no damage.
The adder is poisoned.
Your headbutt misses the adder.
The adder is almost dead.
* * * LOW HITPOINT WARNING * * *
You feel sick.
You kill the adder!
Trog accepts your kill. The water moccasin barely misses you.
The rat bites you but does no damage.
You barely miss the water moccasin.
The water moccasin is heavily wounded.
* * * LOW HITPOINT WARNING * * *
You feel sick. The water moccasin bites you.
* * * LOW HITPOINT WARNING * * *
The water moccasin bites you!
You die...

.# ........ ..
.# ......##. #.
.# ....... ..
#### ....##.##
...# #........
...# #...# ...#
#...# ...#
#†Sr# ...#
#.@.### ...#
#.....# ####
#.....# .#
##....# .#
#....# .#
#....###### .#
#.......... .#
#####...#######
.# #...####...#


You could see a water moccasin and a rat.

Vanquished Creatures
  Terence (D:2)
  4 adders (D:2)
  An ooze (D:2)
  A worm (D:2)
  3 dart slugs
  2 leopard geckos (D:1)
  A ball python (D:2)
  3 bats
  A giant cockroach (D:2)
  3 goblins (D:2)
  7 hobgoblins
  5 kobolds
  4 rats
36 creatures vanquished.

Notes
Turn   | Place    | Note
-------+----------+-------------------------------------------
     0 | D:1      | b5mith the Minotaur Berserker began the quest for the Orb.
     0 | D:1      | Reached XP level 1. HP: 19/19 MP: 0/0
   234 | D:1      | Reached XP level 2. HP: 27/27 MP: 1/1
   639 | D:2      | Reached XP level 3. HP: 30/34 MP: 2/2
   653 | D:2      | Noticed Terence
   668 | D:2      | Killed Terence
   861 | D:2      | Reached skill level 5 in Fighting
   861 | D:2      | Reached skill level 5 in Maces & Flails
   861 | D:2      | Reached XP level 4. HP: 40/42 MP: 3/3
   864 | D:2      | Reached ** piety under Trog
  1107 | D:2      | Noticed a water moccasin
  1120 | D:2      | Slain by a water moccasin

Vault maps used:
D:1:      dpeg_arrival_long_road
D:2:      uniq_terence

Skill      XL: |  1  2  3 |
---------------+----------+-----
Fighting       | 4 5 |  5.2
Maces & Flails | 4 5 |  5.2
Armour         | |  2.4
Dodging        | |  2.1

Action                   |  1- 3 |  4- 6 || total
-------------------------+-------+-------++-------
Melee: Mace              |    10 |       ||    10
       Dagger            |    58 |    27 ||    85
       Headbutt          |    12 |     4 ||    16
  Eat: Chunk             |       |     1 ||     1
Armor: Animal skin       |     2 |       ||     2
       Ring mail         |    25 |    16 ||    41
Dodge: Dodged            |    39 |    19 ||    58

Table legend:
 A = Spawn XP
 B = Non-spawn XP
 C = Spawn XP percentage of total XP
 D = Spawn monster count
 E = Non-spawn monster count
 F = Spawn count percentage of total count
 G = Total turns spent on level
                    A         B        C        D         E        F      G
               +---------+---------+-------+---------+---------+-------+---------
         Total |       0 |     154 |   0.0 |       0 |      36 |   0.0 |  1120
               +---------+---------+-------+---------+---------+-------+---------
           D:1 |       0 |      23 |   0.0 |       0 |      11 |   0.0 |   565
           D:2 |       0 |     131 |   0.0 |       0 |      25 |   0.0 |   555
               +---------+---------+-------+---------+---------+-------+---------
